 Dungeon Crawl Stone Soup version 0.23.0 (webtiles) character file.

Game seed: 1428495869953056452

20701 EtherCrawl the Grappler (level 12, -8/184 HPs)
             Began as a Troll Monk on Feb 11, 2019.
             Mangled by a deep troll (11 damage)
             ... on level 15 of the Dungeon.
             The game lasted 00:24:35 (11327 turns).

EtherCrawl the Grappler (Troll Monk)               Turns: 11327, Time: 00:24:36

Health: -8/184     AC: 10    Str: 27    XL:     12   Next: 47%
Magic:  15/15      EV: 12    Int: 10    God:
Gold:   784        SH:  0    Dex: 12    Spells: 11/11 levels left

rFire    + . .     SeeInvis .     - Unarmed
rCold    . . .     Gourm    +   (no shield)
rNeg     + . .     Faith    .   g - +0 troll leather armour
rPois    .         Spirit   .   (helmet restricted)
rElec    .         Reflect  .   D - +1 cloak
rCorr    .         Harm     .   (gloves unavailable)
MR       .....                  (boots unavailable)
Stlth    ..........             f - amulet of the acrobat
HPRegen  1.20/turn              L - ring of protection from fire
MPRegen  0.14/turn              F - ring of positive energy

@: berserking, very quick
A: large, unfitting armour, claws 3, fast metabolism 3, gourmand, regeneration
1, shaggy fur 1, tough skin 3
a: no special abilities


You were on level 15 of the Dungeon.
You were not hungry.

You visited 2 branches of the dungeon, and saw 15 of its levels.
You also visited: Ice Cave.

You collected 784 gold pieces.

Inventory:

Hand Weapons
 G - a +2 demon whip of electrocution
 P - a +6 demon trident
Missiles
 k - 178 arrows
 n - 476 stones (quivered)
 y - 2 throwing nets
 M - a tomahawk of dispersal
 N - 3 tomahawks of returning
 Q - 6 poisoned javelins
 W - 5 large rocks
Armour
 a - a +0 robe
 g - a +0 troll leather armour (worn)
 s - a scarf of repulsion
 D - a +1 cloak (worn)
 S - a +1 robe of cold resistance
 U - a +1 pair of gloves
 X - a +1 robe of the Archmagi
Jewellery
 f - an amulet of the acrobat (around neck)
 q - an uncursed ring of poison resistance
 z - an uncursed ring of teleportation
 A - an uncursed amulet of magic regeneration
 F - a ring of positive energy (right claw)
 L - a ring of protection from fire (left claw)
Wands
 r - a wand of paralysis (8)
 t - a wand of flame (32)
 v - a wand of polymorph (10)
 C - a wand of digging (11)
 E - a wand of scattershot (4)
 H - a wand of iceblast (13)
 O - a wand of enslavement (10)
 V - a wand of acid (11)
Scrolls
 h - 11 scrolls of teleportation
 i - 13 scrolls of remove curse
 x - 2 scrolls of summoning
 J - a scroll of holy word
 Y - a scroll of identify
 Z - a scroll of enchant weapon {unknown}
Potions
 c - 2 potions of magic
 d - 5 potions of agility
 e - a potion of flight
 j - 4 potions of heal wounds
 l - a potion of resistance
 m - 2 potions of haste
 o - 4 potions of curing
 p - a potion of cancellation
 w - a potion of lignification
 B - a potion of brilliance
 K - 9 potions of degeneration
 R - a potion of mutation
Miscellaneous
 T - a crystal ball of energy
Comestibles
 b - 24 rations


   Skills:
 + Level 9.3 Fighting
 + Level 6.7 Dodging
 - Level 1.0 Stealth
 * Level 14.5 Unarmed Combat
 + Level 5.5 Evocations


You had 11 spell levels left.
You didn't know any spells.
Your spell library contained the following spells:

 Spells                   Type           Power        Failure   Level  Hunger
 Poisonous Vapours        Pois/Air       #.....       54%         2    ###....
 Conjure Flame            Conj/Fire      #.......     77%         3    ####...
 Mephitic Cloud           Conj/Pois/Air  #.......     77%         3    ####...
 Freezing Cloud           Conj/Ice/Air   #.........   100%        6    #######
 Ring of Flames           Chrm/Fire      #.........   100%        7    #######


Dungeon Overview and Level Annotations

Branches:
Dungeon (15/15)            Temple (1/1) D:4            Lair (0/6) D:9
    Orc (0/2) D:9          Depths (0/5) D:15
 Vaults: D:13-14

Altars:
Ashenzari
Cheibriados
Dithmenos
Elyvilon
Fedhas
Gozag
Hepliaklqana
Kikubaaqudgha
Makhleb
Nemelex Xobeh
Okawaru
Qazlal
Ru
Sif Muna
Trog
Uskayaw
Vehumet
Wu Jian
Xom
Yredelemnul
Zin
The Shining One

Shops:
D:7 (

Annotations:
D:9 2 runed translucent doors, coffee's ghost, journeyman TrFi
D:14 Azrael


Innate Abilities, Weirdness & Mutations

You are too large for most types of armour.
You have claws for hands.
Your metabolism is lightning-fast.
You like to eat raw meat.
Your natural rate of healing is unusually fast.
You are covered in fur. (AC +1)
You have extremely tough skin. (AC +3)


Message History

You claw the two-headed ogre!
The two-headed ogre is severely wounded.
The hell hound barely misses you.
You mangle the two-headed ogre!!
You kill the two-headed ogre!
The deep troll bites you!
* * * LOW HITPOINT WARNING * * *
The deep troll closely misses you. The deep troll claws you!
* * * LOW HITPOINT WARNING * * *
The ice beast hits you but does no damage.
You mangle the hippogriff!!
The hippogriff is severely wounded.
The hell hound bites you.
* * * LOW HITPOINT WARNING * * *
You claw the kobold!
You kill the kobold!
The hell hound bites you!
* * * LOW HITPOINT WARNING * * *
The deep troll bites you!
You die...

****** ********* *,,,,*
*,,,,,,,* #..,,* #.......#
#...,* #.......#
#....##########.......##
#....KH@YK...##.........
#.....T)h....##.........
#............##.........
#............##.........
#............##.......##
*#............##.........
******.............##.........
*,,,,+.............##.........
**,***,.......................


You could see a deep troll, a hippogriff, a hell hound, an ice beast, a big
kobold and a kobold.

Vanquished Creatures
  Nessos (D:12)
  Josephine (D:11)
  Fannar (D:12)
  3 two-headed ogres
  Urug (D:10)
  An unseen horror (D:10)
  Pikel (D:6)
  The ghost of zkyp the Spear-Bearer, a novice MfWn (D:6)
  2 cyclopes (D:11)
  2 molten gargoyles (D:12)
  8 gargoyles
  2 rime drakes (D:11)
  5 trolls
  2 polar bears (D:11)
  Grinder (D:3)
  A hippogriff (D:11)
  Sigmund (D:3)
  2 wyverns
  4 wraiths (D:12)
  3 yaks (IceCv)
  A water elemental (D:10)
  2 hungry ghosts
  Grum (D:11)
  A swamp drake (D:9)
  A slave (D:6)
  6 orc warriors
  3 ice beasts
  A necrophage (D:11)
  A phantom (D:9)
  3 sky beasts
  An eye of draining (D:11)
  4 wolves
  An ogre (D:4)
  2 centaurs
  2 crocodiles
  2 big kobolds
  3 bullfrogs
  3 wyvern zombies
  2 scorpions
  7 wights
  A howler monkey (D:5)
  2 electric eels (D:11)
  5 lava snakes (D:12)
  4 crimson imps
  5 centaur zombies
  10 hounds
  11 orc priests
  A bullfrog zombie (D:5)
  3 jellies
  A quasit (D:10)
  A gnoll shaman (D:8)
  A bullfrog skeleton (D:8)
  Jessica (D:3)
  4 iguanas
  20 orc wizards
  9 worker ants
  A hound zombie (D:11)
  A worker ant zombie (D:8)
  13 gnolls
  16 adders
  4 shadow imps
  An adder skeleton (D:4)
  4 worms
  2 dart slugs
  7 leopard geckos
  63 orcs
  7 giant cockroaches
  7 goblins
  6 hobgoblins
  17 jackals
  3 quokkas
  A ball python (D:5)
  6 bats
  3 frilled lizards
  A jackal skeleton (D:3)
  A jackal zombie (D:5)
  17 kobolds
  A quokka skeleton (D:8)
  8 rats
359 creatures vanquished.

Vanquished Creatures (others)
  An orc (D:11)
1 creature vanquished.

Grand Total: 360 creatures vanquished

Notes
Turn   | Place    | Note
-------+----------+-------------------------------------------
     0 | D:1      | EtherCrawl the Troll Monk began the quest for the Orb.
     0 | D:1      | Reached XP level 1. HP: 22/22 MP: 0/0
   160 | D:1      | Reached XP level 2. HP: 28/29 MP: 1/1
   584 | D:1      | Reached XP level 3. HP: 36/36 MP: 2/2
   654 | D:2      | Reached skill level 4 in Unarmed Combat
  1145 | D:2      | Reached XP level 4. HP: 45/45 MP: 3/3
  1543 | D:3      | Noticed Jessica
  1546 | D:3      | Killed Jessica
  1618 | D:3      | Reached skill level 5 in Unarmed Combat
  1624 | D:3      | Noticed Sigmund
  1626 | D:3      | Reached XP level 5. HP: 45/53 MP: 4/4
  1683 | D:3      | Killed Sigmund
  1683 | D:3      | Reached skill level 6 in Unarmed Combat
  1683 | D:3      | Reached XP level 6. HP: 20/62 MP: 5/5
  1904 | D:3      | Noticed Grinder
  1914 | D:3      | Killed Grinder
  1914 | D:3      | Reached XP level 7. HP: 46/71 MP: 6/6
  2156 | D:3      | Reached skill level 7 in Unarmed Combat
  2222 | D:3      | Noticed a water elemental
  2224 | D:3      | Found a stormy altar of Qazlal.
  2225 | D:3      | Noticed an air elemental
  2225 | D:3      | Noticed a fire elemental
  2310 | D:3      | Found a burning altar of Makhleb.
  2310 | D:3      | Noticed an Executioner
  2313 | D:3      | Noticed a ynoxinul
  2313 | D:3      | Noticed a hellwing
  2444 | D:4      | Found a staircase to the Ecumenical Temple.
  2511 | Temple   | Entered the Ecumenical Temple
  3152 | D:4      | Noticed a hungry ghost
  3170 | D:4      | Killed a hungry ghost
  3170 | D:4      | Reached skill level 5 in Fighting
  3170 | D:4      | Reached skill level 8 in Unarmed Combat
  3195 | D:4      | Reached XP level 8. HP: 80/80 MP: 7/7
  3363 | D:5      | Entered Level 5 of the Dungeon
  3671 | D:5      | Reached skill level 9 in Unarmed Combat
  3869 | D:5      | Found a blossoming altar of Fedhas.
  3877 | D:5      | Found a shimmering altar of Xom.
  3990 | D:6      | Found a runed translucent door.
  3992 | D:6      | Noticed zkyp's ghost (novice MfWn)
  4464 | D:6      | Reached skill level 10 in Unarmed Combat
  4547 | D:6      | Reached XP level 9. HP: 89/89 MP: 8/8
  4606 | D:6      | Noticed Pikel
  4621 | D:6      | Killed Pikel
  4802 | D:6      | Killed zkyp's ghost
  4802 | D:6      | Reached skill level 11 in Unarmed Combat
  5039 | D:7      | Found a shattered altar of Ashenzari.
  5294 | D:7      | Found Qoosimua's Weapon Shop.
  5590 | D:8      | Reached skill level 1 in Evocations
  6099 | D:8      | Reached XP level 10. HP: 102/102 MP: 10/10
  6857 | D:9      | Found a staircase to the Orcish Mines.
  7111 | D:9      | Found a staircase to the Lair.
  7276 | D:9      | Found a large runed translucent door.
  7276 | D:9      | Found a large runed translucent door.
  7281 | D:9      | Reached skill level 12 in Unarmed Combat
  7283 | D:9      | Noticed coffee's ghost (journeyman TrFi)
  7470 | D:10     | Entered Level 10 of the Dungeon
  7470 | D:10     | Noticed Urug
  7635 | D:10     | Killed an unseen horror
  7782 | D:10     | Killed Urug
  7921 | D:10     | Noticed a gargoyle
  7922 | D:10     | Noticed a gargoyle
  7922 | D:10     | Noticed a gargoyle
  7923 | D:10     | Noticed a gargoyle
  7928 | D:10     | Noticed a gargoyle
  8047 | D:9      | Killed a gargoyle
  8108 | D:9      | Killed a gargoyle
  8129 | D:9      | Killed a gargoyle
  8129 | D:9      | Reached XP level 11. HP: 76/111 MP: 12/12
  8512 | D:10     | Reached skill level 13 in Unarmed Combat
  8515 | D:10     | Reached skill level 5 in Dodging
  8976 | D:11     | Found a frozen archway.
  9015 | IceCv    | Entered an ice cave
  9507 | D:11     | Noticed Grum
  9537 | D:11     | Killed Grum
  9750 | D:11     | Noticed Josephine
 10094 | D:11     | Killed Josephine
 10094 | D:11     | Reached XP level 12. HP: 107/122 MP: 14/14
 10259 | D:12     | Reached skill level 14 in Unarmed Combat
 10340 | D:12     | Reached skill level 5 in Evocations
 10393 | D:12     | Noticed a two-headed ogre
 10402 | D:12     | Killed a two-headed ogre
 10575 | D:12     | Noticed a two-headed ogre
 10587 | D:12     | Killed a two-headed ogre
 10733 | D:12     | Noticed Fannar
 10755 | D:12     | Killed Fannar
 10916 | D:12     | Noticed Nessos
 10932 | D:12     | Killed Nessos
 11278 | D:12     | You fall through a shaft for 3 floors!
 11278 | D:15     | Entered Level 15 of the Dungeon
 11295 | D:15     | Noticed a two-headed ogre
 11307 | D:14     | Found a white marble altar of Elyvilon.
 11310 | D:14     | Noticed Azrael
 11325 | D:15     | Killed a two-headed ogre
 11327 | D:15     | HP: 3/184 [hell hound[Azrael] (7)]
 11327 | D:15     | Mangled by a deep troll

Skill      XL: |  1  2  3  4  5  6  7  8  9 10 11 12 |
---------------+-------------------------------------+-----
Fighting       | 3 4 5 6 7 8 9 |  9.3
Unarmed Combat | 4 5 6 8 10 11 12 13 14 | 14.5
Evocations     | 1 3 4 5 |  5.5
Dodging        | 3 4 6 |  6.7
Stealth        | |  1.0

Action                   |  1- 3 |  4- 6 |  7- 9 | 10-12 || total
-------------------------+-------+-------+-------+-------++-------
Melee: Unarmed           |    78 |    75 |   387 |   580 ||  1120
       Punch             |       |     1 |    10 |    38 ||    49
  Use: Scroll            |       |       |    14 |     9 ||    23
       Potion            |       |       |       |     3 ||     3
 Stab: Sleeping          |     3 |     4 |     2 |     3 ||    12
       Distracted        |       |       |     1 |     1 ||     2
  Eat: Chunk             |    15 |     5 |    49 |    48 ||   117
       Ration            |       |       |       |     1 ||     1
Armor: Robe              |    24 |    21 |    96 |    77 ||   218
       Troll leather arm |       |       |       |    87 ||    87
Dodge: Dodged            |    41 |    44 |   194 |   492 ||   771
       Deflected         |       |       |     3 |       ||     3
